General information
- name: BNet
- type: Ladder 1vs1/FFA
- host: Battle.net
- saver: ShawnWiggs
map: GnollWood
- players: 2
- length: 12:06
- speed: Fast
- version: 1.24 W3XP
- replay type: Public
» download(55 KB)
Players
team 1 (winner)
ShawnWiggs (
yellow | 186 APM | 2252 actions | 12:06)
3 Blademaster
2 Wind Walk
1 Critical Strike
2 Shadow Hunter
1 Hex
1 Healing Wave
» actions
| Assign group hotkey | 258 | |
| Basic commands | 150 | |
| Build / train | 48 | |
| ESC pressed | 1 | |
| Enter build submenu | 11 | |
| Enter hero's abilities submenu | 5 | |
| Give item / drop item | 6 | |
| Right click | 576 | |
| Select / deselect | 194 | |
| Select group hotkey | 943 | |
| Use ability | 60 | |
2252 total
» units
| Peon | 9 | |
| Grunt | 5 | |
| Raider | 5 | |
| Spirit Walker | 4 | |
23 total
» upgrades
| Ensnare | 1 | |
| Spirit Walker Training | 1 | |
2 total
» buildings
| Altar of Storms | 1 | |
| Orc Burrow | 6 | |
| Barracks | 1 | |
| Voodoo Lounge | 1 | |
| Stronghold | 3 | |
| Spirit Lodge | 1 | |
| Beastiary | 1 | |
14 total
» build order
00:04 Altar of Storms
00:14 Orc Burrow
00:36 Barracks
01:26 Orc Burrow
02:23 Voodoo Lounge
02:53 Stronghold
02:53 Stronghold
02:53 Stronghold
03:53 Orc Burrow
05:16 Spirit Lodge
05:20 Beastiary
06:59 Orc Burrow
08:12 Orc Burrow
10:58 Orc Burrow
» items
| Circlet of Nobility | 1 | |
| Dust of Appearance | 1 | |
| Boots of Speed | 1 | |
| Healing Salve | 3 | |
| Lesser Clarity Potion | 1 | |
| Scroll of Speed | 1 | |
| Scroll of Town Portal | 1 | |
9 total
team 2 (loser)
CosmoPT (
green | 214 APM | 2583 actions | 12:04)
3 Blademaster
2 Wind Walk
1 Critical Strike
1 Shadow Hunter
1 Hex
» actions
| Assign group hotkey | 88 | |
| Basic commands | 34 | |
| Build / train | 57 | |
| Enter build submenu | 15 | |
| Enter hero's abilities submenu | 4 | |
| Give item / drop item | 3 | |
| Right click | 1159 | |
| Select / deselect | 212 | |
| Select group hotkey | 873 | |
| Use ability | 138 | |
2583 total
» units
| Peon | 15 | |
| Grunt | 9 | |
| Raider | 3 | |
| Spirit Walker | 1 | |
28 total
» upgrades
| Berserker Strength | 1 | |
| Ensnare | 2 | |
| Spirit Walker Training | 1 | |
4 total
» buildings
| Altar of Storms | 1 | |
| Orc Burrow | 6 | |
| Barracks | 1 | |
| Voodoo Lounge | 2 | |
| Stronghold | 4 | |
| Beastiary | 1 | |
| Spirit Lodge | 1 | |
| Great Hall | 1 | |
| War Mill | 1 | |
18 total
» build order
00:04 Altar of Storms
00:17 Orc Burrow
00:42 Barracks
01:26 Orc Burrow
02:01 Voodoo Lounge
03:35 Stronghold
03:35 Stronghold
03:35 Stronghold
05:25 Orc Burrow
06:41 Voodoo Lounge
06:42 Orc Burrow
06:44 Orc Burrow
07:09 Beastiary
07:12 Spirit Lodge
08:52 Great Hall
11:04 War Mill
11:05 Orc Burrow
» items
| Circlet of Nobility | 1 | |
| Healing Salve | 4 | |
| Boots of Speed | 4 | |
| Lesser Clarity Potion | 3 | |
| Scroll of Speed | 1 | |
13 total
Chat log
(12:03 / All) CosmoPT: gg